 Dungeon Crawl Stone Soup version 0.30-a0-1161-g0704695555 (webtiles) character file.

Game seed: 8117599584355728116

8558 Jeffwins the Skirmisher (level 11, -3/81 HPs)
             Began as a Human Wanderer on Apr 27, 2023.
             Was a Priest of Vehumet.
             Succumbed to a queen bee's poison
             ... on level 9 of the Dungeon.
             The game lasted 00:21:57 (12165 turns).

Jeffwins the Skirmisher (Human Wanderer)           Turns: 12165, Time: 00:21:57

Health: -3/81      AC:  9    Str: 16    XL:     11   Next: 58%
Magic:  6/16       EV: 16    Int: 14    God:    Vehumet [***...]
Gold:   33         SH:  5    Dex: 12    Spells: 2/17 levels left

rFire   . . .        a - +1 shortbow
rCold   . . .        (shield currently unavailable)
rNeg    . . .        n - +0 steam dragon scales
rPois   .            k - +1 helmet
rElec   .            (no cloak)
rCorr   .            U - +0 pair of gloves
SInv    +            Q - +0 pair of boots
Will    .....        o - amulet of reflection
Stlth   +++          E - +5 ring of evasion
HPRegen 0.33/turn    v - ring of see invisible
MPRegen 0.15/turn

%: reflection
@: lethally poisoned (-3 -> -27)
A: no striking features
a: Renounce Religion


You were on level 9 of the Dungeon.
You worshipped Vehumet.
Vehumet was most pleased with you.
You visited 2 branches of the dungeon, and saw 11 of its levels.

You collected 490 gold pieces.
You spent 457 gold pieces at shops.


   Skills:
 + Level 5.7 Fighting
 - Level 1.0 Axes
 * Level 9.9 Ranged Weapons
 - Level 6.0 Throwing
 - Level 1.0 Dodging
 + Level 6.3 Stealth
 * Level 3.5 Spellcasting
 * Level 4.1 Conjurations
 * Level 4.2 Ice Magic
 * Level 5.7 Air Magic
 * Level 4.2 Poison Magic
 + Level 4.1 Evocations


You had 2 spell levels left.
You knew the following spells:

 Your Spells              Type           Power      Damage    Failure   Level
a - Passwall              Tmut/Erth      1%         N/A       30%         2
c - Mephitic Cloud        Conj/Pois/Air  15%        N/A       2%          3
i - Swiftness             Air            18%        N/A       6%          3
x - Freezing Cloud        Conj/Ice/Air   7%         6-21      21%         5
z - Poisonous Vapours     Pois/Air       32%        N/A       1%          2

Your spell library contained the following spells:

 Spells                   Type           Power      Damage    Failure   Level
 Stone Arrow              Conj/Erth      16%        3d8       7%          3
 Shock                    Conj/Air       64%        1d7       1%          1
 Cigotuvi's Dreadful Rot  Necr/Pois/Air  22%        N/A       8%          2
 Ensorcelled Hibernation  Hex/Ice        16%        N/A       13%         2
 Airstrike                Air            9%         2d(2-18)  5%          4
 Olgreb's Toxic Radiance  Pois           14%        N/A       11%         4
 Call Canine Familiar     Summ           2%         N/A       52%         3
 Portal Projectile        Hex/Tloc       4%         N/A       52%         3
 Leda's Liquefaction      Hex/Erth       1%         N/A       90%         4

Inventory:

Hand Weapons
 a - a +1 shortbow (weapon)
 b - a +0 hand axe
 d - a +0 dagger
 D - a +1 spear of venom
 S - a +1 dagger of venom
Missiles
 c - 58 poisoned darts
 L - 6 throwing nets {=f}
 V - 5 curare-tipped darts (quivered) {=f}
Armour
 f - a +0 leather armour
 k - a +1 helmet (worn)
 l - a +1 ring mail of positive energy
 n - +0 steam dragon scales (worn)
 q - a +1 ring mail of cold resistance
 w - a +2 robe of willpower
 F - the +1 robe of the Glowing Gods {-Cast rN+ Dex+8 SInv}
   (You found it on level 6 of the Dungeon)

   Dex:       It affects your dexterity (+8).
   rN:        It protects you from negative energy.
   SInv:      It lets you see invisible.
   -Cast:     It prevents spellcasting.
 Q - a +0 pair of boots (worn)
 U - a +0 pair of gloves (worn)
 Y - a +0 troll leather armour
Magical Staves
 p - a staff of poison
 s - a staff of fire
Jewellery
 o - an amulet of reflection (around neck)
 v - a ring of see invisible (right hand)
 C - a ring of ice
 E - a +5 ring of evasion (left hand)
 H - an amulet of faith {!P}
 O - an amulet of magic regeneration
 W - a ring of magical power
Wands
 y - a wand of flame (15)
 B - a wand of paralysis (7)
Scrolls
 e - 2 scrolls of vulnerability {!r}
 g - 3 scrolls of enchant armour
 h - a scroll of amnesia
 i - 3 scrolls of immolation {!r}
 m - a scroll of identify {@r1}
 r - a scroll of butterflies
 t - a scroll of poison {!r}
 G - 2 scrolls of magic mapping
 I - a scroll of teleportation {@r4}
 J - 2 scrolls of blinking
 K - a scroll of noise {!r}
 M - a scroll of fog
 N - 3 scrolls of enchant weapon
Potions
 j - a potion of attraction {!q}
 u - 2 potions of brilliance
 x - 3 potions of might
 z - a potion of flight {unknown}
 A - a potion of magic {unknown}
 P - 4 potions of curing {@q1}
 R - a potion of resistance {unknown}
 X - a potion of mutation {unknown}
Miscellaneous
 T - a condenser vane

Dungeon Overview and Level Annotations

Branches:
Dungeon (10/15)            Temple (1/1) D:4
   Lair: D:8-11         Orc: D:9-12

Altars:
Ashenzari
Cheibriados
Dithmenos
Elyvilon
Fedhas
Gozag
Hepliaklqana
Kikubaaqudgha
Makhleb
Nemelex Xobeh
Okawaru
Qazlal
Ru
Sif Muna
Trog
Uskayaw
Vehumet
Wu Jian
Xom
Yredelemnul
Zin
The Shining One

Shops:
D:1 (   D:6 = D:10

*
####.........'.#........
##....).......##########'
#..#####'###### ##.
#.######..## ###..
#.#⌠...##..### #...#
#.##...###...# ##.###
#..))⚑.#####.## #.....
####...#......# ####.....
#⌠...#@.....###........
######......##..##.....
#.......#..###...▒'
#.......(.## #...▒.
#.......### #...▒.
#.......# #...▒.
####.#### #..▒▒. #.###
##.▒.. #...# #.▒.⚑


There were no monsters in sight!


Message History

Confirm with . or Enter, or press ? or * to list all spells.
Aiming: Mephitic Cloud (mildly dangerous; 2% risk of failure)
Press: ? - help, Shift-Dir - straight line The ball explodes into a vile cloud!
The stinking cloud engulfs the queen bee but does no damage.
* * * LOW HITPOINT WARNING * * *
You feel extremely sick.
The queen bee is engulfed in noxious fumes.
The queen bee stings you!
* * * LOW HITPOINT WARNING * * *
Unknown command.
Unknown command.
Unknown command.
Casting: Mephitic Cloud (mildly dangerous; 2% risk of failure)
Confirm with . or Enter, or press ? or * to list all spells.
Aiming: Poisonous Vapours (safe; 1% risk of failure)
Press: ? - help, Dir - move target, f - queen bee
Aim: a queen bee (noxious fumes) Poisonous vapours surround the queen bee!
The queen bee is poisoned.
* * * LOW HITPOINT WARNING * * *
You feel extremely sick.
The queen bee is engulfed in noxious fumes.
The queen bee appears confused.
Unknown command.
Okay, then.
* * * LOW HITPOINT WARNING * * *
You feel extremely sick.
You climb upwards.
You die...

Skill      XL: |  1  2  3  4  5  6  7  8  9 10 11 |
---------------+----------------------------------+-----
Stealth        | 1 2 3 4 5 6 |  6.3
Fighting       | 1 2 3 4 5 |  5.7
Throwing       | 3 4 5 6 |  6.0
Ranged Weapons | 6 7 8 9 |  9.9
Air Magic      | 1 2 4 5 |  5.7
Evocations     | 2 3 4 |  4.1
Spellcasting   | 1 2 3 |  3.5
Ice Magic      | 1 3 4 |  4.2
Conjurations   | 1 3 4 |  4.1
Poison Magic   | 1 3 4 |  4.2
Axes           | |  1.0
Dodging        | |  1.0

Action                     |  1- 3 |  4- 6 |  7- 9 | 10-12 || total
---------------------------+-------+-------+-------+-------++-------
  Melee: Shortbow          |       |       |       |     1 ||     1
   Fire: Shortbow          |   108 |   122 |   518 |   424 ||  1172
  Throw: Dart              |       |       |    10 |     2 ||    12
   Cast: Mephitic Cloud    |       |       |       |    24 ||    24
         Swiftness         |       |       |       |     1 ||     1
         Poisonous Vapours |       |       |       |    21 ||    21
         Freezing Cloud    |       |       |       |     3 ||     3
  Evoke: Wand              |       |       |     4 |     1 ||     5
    Use: Scroll            |       |       |     6 |     8 ||    14
         Potion            |       |       |     4 |       ||     4
 Armour: Leather armour    |    10 |       |       |       ||    10
         Ring mail         |    12 |    21 |    95 |     5 ||   133
         Robe              |       |       |    12 |     9 ||    21
         Steam dragon scal |       |       |       |    62 ||    62
  Dodge: Dodged            |    34 |    28 |   205 |   193 ||   460
  Block: Other             |       |    20 |    88 |    63 ||   171
         Reflection        |       |     1 |     1 |     3 ||     5

Levels and vault maps discovered:
D:1:      elethiomel_arrival_diamonds, layout_loops_corners, serial_shops,
          nicolae_shop_getting_attention
D:2:      cheibrodos_fertilizer, layout_basic, chequers_serial_rivers_small_3
D:3:      layout_rooms, uniq_sigmund
D:4:      layout_basic, minmay_temple_entry_junction, chequers_hall_statues_y,
          eino_tiny_chamber, minmay_door_square
D:5:      layout_cave_pools, makhleb_altar_promises_db,
          mainiacjoe_overflow_brackets, serial_co_window_serial,
          co_window_paths_a, co_window_cross_1, co_window_corner_a,
          co_window_of_opportunity_a, co_window_of_opportunity_a,
          co_window_paths_c, co_window_corner_b, co_window_corner_ca,
          co_window_of_opportunity_c, co_window_sun, glass_columns_a,
          glass_columns_c, glass_columns_b, uniq_ijyb
D:6:      layout_basic, lemuel_zombie_altar_kikubaaqudgha, kennysheep_mini,
          serial_shops, shop_statue, grunt_decor_mini_mirrors, grunt_decor_cap
D:7:      layout_cave_pools, lemuel_coloured_pillars_altar,
          nicolae_ru_sacrificial_ziggurat, serial_glass, glass_columns_b,
          glass_columns_a, glass_columns_b, glass_columns_a, glass_columns_a,
          glass_columns_a, glass_columns_a, glass_columns_a
D:8:      layout_layer_cave, trog_hazing_becter, yredelemnul_altar_generic,
          hangedman_decor_push
D:9:      layout_roguey, mainiacjoe_overflow_surrounded_room,
          mainiacjoe_overflow_alcove_2
D:10:     layout_rooms, special_room [special_room_bee], guppyfry_shop_venom,
          uniq_erolcha
Temple:   nicolae_temple_godzebo

Notes
Turn   | Place    | Note
-------+----------+-------------------------------------------
     0 | D:1      | Jeffwins the Human Wanderer began the quest for the Orb.
     0 | D:1      | Jeffwins set off with the following items: a +0 shortbow, a
                  | +0 hand axe, 12 poisoned darts, a +0 dagger, a scroll of
                  | vulnerability {!r}, a +0 leather armour.
     0 | D:1      | Reached XP level 1. HP: 13/13 MP: 1/1
   117 | D:1      | Reached XP level 2. HP: 20/20 MP: 2/2
   128 | D:1      | Found Feufeo's Weapon Boutique.
   466 | D:1      | Reached skill level 1 in Stealth
   466 | D:1      | Reached XP level 3. HP: 22/25 MP: 3/3
   813 | D:1      | Reached skill level 1 in Fighting
  1251 | D:2      | Reached XP level 4. HP: 32/32 MP: 4/4
  1650 | D:2      | Reached XP level 5. HP: 38/38 MP: 5/5
  1653 | D:2      | Reached skill level 2 in Stealth
  1665 | D:2      | Reached skill level 3 in Throwing
  1838 | D:2      | Reached skill level 2 in Fighting
  1838 | D:2      | Reached skill level 6 in Ranged Weapons
  1973 | D:3      | Noticed Sigmund
  1984 | D:3      | Killed Sigmund
  1985 | D:3      | Reached XP level 6. HP: 39/46 MP: 6/6
  2403 | D:4      | Reached XP level 7. HP: 24/51 MP: 7/7
  2512 | D:4      | Reached skill level 3 in Stealth
  2573 | D:4      | Found a staircase to the Ecumenical Temple.
  2617 | Temple   | Entered the Ecumenical Temple
  2726 | Temple   | Became a worshipper of Vehumet
  2913 | D:4      | Reached skill level 3 in Fighting
  3487 | D:4      | Reached skill level 7 in Ranged Weapons
  3490 | D:4      | Learned a level 2 spell: Passwall
  3494 | D:4      | Learned a level 3 spell: Swiftness
  3721 | D:5      | Entered Level 5 of the Dungeon
  3917 | D:5      | Reached skill level 4 in Throwing
  4135 | D:5      | Reached skill level 1 in Air Magic
  4135 | D:5      | Reached XP level 8. HP: 58/58 MP: 8/8
  4352 | D:5      | Reached skill level 4 in Stealth
  4613 | D:5      | Noticed Ijyb
  4627 | D:5      | Killed Ijyb
  4635 | D:5      | Reached skill level 4 in Fighting
  4635 | D:5      | Reached skill level 2 in Air Magic
  4794 | D:5      | Reached skill level 8 in Ranged Weapons
  4961 | D:5      | Found a burning altar of Makhleb.
  4961 | D:5      | Noticed a blizzard demon
  5168 | D:5      | Found an opulent altar of Gozag.
  5221 | D:5      | Reached XP level 9. HP: 49/65 MP: 9/9
  5337 | D:6      | Identified the +1 robe of the Glowing Gods {-Cast rN+ Dex+8
                  | SInv}
  5369 | D:6      | Found Cext's Jewellery Emporium.
  5557 | D:6      | Reached skill level 5 in Throwing
  5728 | D:6      | Found a hide-covered altar of Uskayaw.
  5805 | D:6      | Reached * piety under Vehumet
  5805 | D:6      | Offered knowledge of Freeze by Vehumet.
  5811 | D:6      | Reached skill level 2 in Evocations
  5943 | D:6      | Reached skill level 3 in Air Magic
  6334 | D:6      | Found an ancient bone altar of Kikubaaqudgha.
  6648 | D:7      | Reached skill level 5 in Stealth
  6792 | D:7      | Reached skill level 1 in Spellcasting
  6799 | D:7      | HP: 3/66 [kobold brigand/+2 short sword of freezing (7)]
  7030 | D:7      | Learned a level 5 spell: Freezing Cloud
  7258 | D:7      | Found a sacrificial altar of Ru.
  7299 | D:7      | Offered knowledge of Magic Dart by Vehumet.
  7327 | D:7      | Reached ** piety under Vehumet
  7439 | D:7      | Found an iron altar of Okawaru.
  7466 | D:7      | Reached skill level 1 in Ice Magic
  7473 | D:7      | Reached skill level 4 in Air Magic
  7477 | D:7      | Reached skill level 5 in Fighting
  7629 | D:7      | Reached skill level 1 in Conjurations
  7629 | D:7      | Reached skill level 1 in Poison Magic
  7629 | D:7      | Reached XP level 10. HP: 59/74 MP: 12/12
  8026 | D:7      | Reached skill level 9 in Ranged Weapons
  8377 | D:8      | HP: 6/74 [steam dragon] (9)]
  8377 | D:8      | HP: 2/74 [steam dragon (4)]
  8385 | D:8      | Reached skill level 2 in Ice Magic
  8385 | D:8      | Reached skill level 3 in Evocations
  8701 | D:7      | Reached skill level 2 in Spellcasting
  8701 | D:7      | Reached skill level 2 in Poison Magic
  8725 | D:7      | Reached skill level 2 in Conjurations
  8989 | D:8      | Found a basalt altar of Yredelemnul.
  9299 | D:8      | Found a bloodstained altar of Trog.
 10086 | D:8      | Learned a level 3 spell: Mephitic Cloud
 10200 | D:9      | Found a blossoming altar of Fedhas.
 10594 | D:9      | Noticed a kobold demonologist
 10594 | D:9      | Noticed a kobold demonologist
 10595 | D:9      | Noticed a kobold demonologist
 10616 | D:9      | Killed a kobold demonologist
 10617 | D:9      | Reached skill level 3 in Ice Magic
 10629 | D:9      | Reached skill level 3 in Poison Magic
 10630 | D:9      | Killed a kobold demonologist
 10631 | D:9      | Reached skill level 6 in Stealth
 10631 | D:9      | Reached skill level 3 in Conjurations
 10631 | D:9      | Reached skill level 5 in Air Magic
 10667 | D:9      | Killed a kobold demonologist
 10667 | D:9      | Offered knowledge of Stone Arrow by Vehumet.
 10668 | D:9      | Reached XP level 11. HP: 80/80 MP: 2/14
 11112 | D:9      | Found an ornate altar of the Wu Jian Council.
 11152 | D:9      | Learned a level 2 spell: Poisonous Vapours
 11255 | D:10     | Entered Level 10 of the Dungeon
 11280 | D:10     | Noticed a boulder beetle
 11300 | D:10     | Killed a boulder beetle
 11301 | D:10     | Reached skill level 6 in Throwing
 11445 | D:10     | Noticed a two-headed ogre
 11470 | D:10     | Killed a two-headed ogre
 11471 | D:10     | Reached skill level 3 in Spellcasting
 11471 | D:10     | Reached skill level 4 in Ice Magic
 11593 | D:10     | Found Lenystur's Serpentskin Sales.
 11603 | D:10     | Reached *** piety under Vehumet
 11618 | D:10     | Bought 2 curare-tipped darts for 33 gold pieces
 11618 | D:10     | Bought 3 curare-tipped darts for 50 gold pieces
 11618 | D:10     | Bought 6 poisoned darts for 50 gold pieces
 11618 | D:10     | Bought 2 poisoned darts for 16 gold pieces
 11618 | D:10     | Bought the Treatise on the Cure for 308 gold pieces
 11691 | D:10     | Noticed Erolcha
 11708 | D:10     | Killed Erolcha
 11709 | D:10     | Reached skill level 4 in Conjurations
 11709 | D:10     | Reached skill level 4 in Poison Magic
 11709 | D:10     | Reached skill level 4 in Evocations
 12164 | D:10     | HP: 5/81 [poisoned by a queen bee]
 12165 | D:9      | Succumbed to a queen bee's poison

Vanquished Creatures
  Erolcha (D:10)
  A boulder beetle (D:10)
  A two-headed ogre (D:10)
  3 kobold demonologists (D:9)
  3 trolls
  Sigmund (D:3)
  A shadow (D:9)
  A wyvern (D:9)
  4 yaks
  3 steam dragons
  An acid dragon (D:6)
  A water moccasin (D:5)
  An orc warrior (D:9)
  2 black bears (D:5)
  4 sky beasts (D:7)
  2 ice beasts
  2 ogres (D:5)
  3 centaurs
  3 kobold brigands
  2 bullfrogs
  A scorpion (D:5)
  4 wights
  11 killer bees
  5 hounds
  7 orc priests
  4 jellies
  3 gnoll boudas
  5 iguanas
  A sleepcap (D:6)
  Ijyb (D:5)
  4 orc wizards
  13 adders
  21 gnolls
  A white imp (D:5)
  An ufetubus (D:5)
  2 worms (D:3)
  A dart slug (D:3)
  14 orcs
  7 ball pythons
  5 bats
  2 bat zombies (D:6)
  12 endoplasms
  3 giant cockroaches
  8 goblins
  8 hobgoblins
  37 kobolds
  4 quokkas
  2 frilled lizards
  8 rats
235 creatures vanquished.

Vanquished Creatures (collateral kills)
  2 killer bees (D:9)
2 creatures vanquished.

Vanquished Creatures (others)
  A kobold brigand (D:8)
  3 fungi (D:2)
  5 toadstools (D:2)
9 creatures vanquished.

Grand Total: 246 creatures vanquished

Table legend: (Time is in decaauts)
 A = Elapsed time spent in this place.
 B = Non-inter-level travel time spent in this place.
 C = Inter-level travel time spent in this place.
 D = Time resting spent in this place.
 E = Time spent auto-exploring this place.
 F = Levels seen in this place.
 G = Mean time per level.
                   A        B        C        D        E       F      G
               +--------+--------+--------+--------+--------+-----+--------+
         Total |  12352 |  11837 |    515 |   1047 |   8355 |  11 | 1122.9 |
       Dungeon |  12213 |  11742 |    471 |   1047 |   8271 |  10 | 1221.3 |
        Temple |    138 |     94 |     44 |      0 |     84 |   1 |  138.0 |
               +--------+--------+--------+--------+--------+-----+--------+

Top non-repeatable levels by time:
     D:8: 2172 daAuts
     D:4: 1428 daAuts
     D:9: 1395 daAuts
     D:5: 1393 daAuts
     D:6: 1297 daAuts
     D:7: 1284 daAuts
     D:1: 956 daAuts
     D:2: 939 daAuts
    D:10: 777 daAuts
     D:3: 568 daAuts
  Temple: 138 daAuts

Table legend:
 A = Non-vault XP
 B = Vault XP
 C = Vault XP percentage of total XP
 D = Non-vault monster count
 E = Vault monster count
 F = Vault count percentage of total count
                 A         B        C        D         E       F
            +---------+---------+-------+---------+---------+-------
      Total |   10494 |    1733 |  14.2 |     193 |      45 |  18.9
            +---------+---------+-------+---------+---------+-------
        D:1 |      29 |      10 |  25.6 |      18 |       7 |  28.0
        D:2 |      51 |     151 |  74.8 |      16 |      18 |  52.9
        D:3 |      41 |     231 |  84.9 |      13 |       1 |   7.1
        D:4 |     427 |       0 |   0.0 |      20 |       0 |   0.0
        D:5 |    1122 |      35 |   3.0 |      20 |       1 |   4.8
        D:6 |     527 |       4 |   0.8 |      15 |       2 |  11.8
        D:7 |    2056 |       0 |   0.0 |      41 |       0 |   0.0
        D:8 |     954 |      10 |   1.0 |      14 |       6 |  30.0
        D:9 |    2936 |      68 |   2.3 |      31 |       1 |   3.1
       D:10 |    2351 |    1224 |  34.2 |       5 |       9 |  64.3
            +---------+---------+-------+---------+---------+-------
